[ AOE2 MATCH · #507297155 ]
UnrankedShu vs Spanish
Player's team · WIN
Rival team · LOSS
[ REPLAY ANALYSIS · EXTRACTED FROM THE RECORDED GAME ]
Feudal
11:21
Castle
19:35
Imperial
—
| APM avg | 101.4 |
| APM peak | 152 |
| eAPM avg | 49.1 |
| Villagers / military | 134 / 53 |
Focus
⚔️ 67.0% · 🌾 33.0%
Archer ×32 · Scout Cavalry ×9 · Unknown (1944) ×9 · Monk ×7 · Militia ×5
Feudal
9:03
Castle
22:15
Imperial
—
| APM avg | 67.0 |
| APM peak | 103 |
| eAPM avg | 25.1 |
| Villagers / military | 59 / 49 |
Focus
⚔️ 44.4% · 🌾 55.6%
Conquistador ×26 · Archer ×10 · Skirmisher ×7 · Spearman ×6
Match map
Initial resources + every placement click. Lines = walls · curves = elevation contours. ◆ gold · ⬟ stone · ● berries · ✦ relic · ◌ wall gap
Your base· ✓ Closed at 19:35 · 50t walls · no gate
B3rserk's base· Open — opponent sealed themselves in
Smoothed initial terrain · ◌ = detected wall gap · hover for details
Inputs per minute
— Shulk - - B3rserk
Build order — Shulk
First 150 of 322 actions detected
| 0:00 | Queue | Villager (Male) |
| 0:01 | Queue | Villager (Male) |
| 0:01 | Queue | Villager (Male) |
| 0:01 | Queue | Villager (Male) |
| 0:02 | Build | House |
| 0:04 | Build | House |
| 1:25 | Queue | Villager (Male) |
| 1:44 | Build | Lumber Camp |
| 1:52 | Queue | Villager (Male) |
| 2:20 | Queue | Villager (Male) |
| 2:41 | Queue | Villager (Male) |
| 2:58 | Queue | Villager (Male) |
| 2:58 | Queue | Villager (Male) |
| 3:18 | Queue | Villager (Male) |
| 3:51 | Build | House |
| 3:55 | Build | House |
| 3:56 | Build | House |
| 4:03 | Queue | Villager (Male) |
| 4:20 | Queue | Villager (Male) |
| 4:21 | Queue | Villager (Male) |
| 4:51 | Build | Barracks |
| 5:00 | Queue | Villager (Male) |
| 5:00 | Queue | Villager (Male) |
| 5:45 | Queue | Villager (Male) |
| 5:56 | Queue | Militia |
| 5:56 | Queue | Militia |
| 6:05 | Build | Mill |
| 6:09 | Queue | Villager (Male) |
| 6:29 | Queue | Villager (Male) |
| 6:29 | Research | Loom |
| 6:56 | Build | House |
| 7:02 | Queue | Militia |
| 7:09 | Build | Mill |
| 7:28 | Queue | Villager (Male) |
| 7:28 | Queue | Villager (Male) |
| 7:50 | Queue | Villager (Male) |
| 8:06 | Queue | Villager (Male) |
| 8:23 | Queue | Villager (Male) |
| 8:26 | Build | Farm |
| 8:27 | Build | Farm |
| 8:48 | Queue | Villager (Male) |
| 8:48 | Queue | Villager (Male) |
| 8:49 | Queue | Villager (Male) |
| 8:53 | Build | House |
| 9:05 | Research | Feudal Age |
| 9:44 | Build | Mining Camp |
| 10:23 | Build | House |
| 10:35 | Queue | Militia |
| 10:39 | Queue | Villager (Male) |
| 10:39 | Queue | Villager (Male) |
| 10:58 | Queue | Militia |
| 11:02 | Build | House |
| 11:04 | Build | Palisade Wall |
| 11:12 | Queue | Villager (Male) |
| 11:21 | Age | Feudal Age |
| 11:21 | Queue | Villager (Male) |
| 11:34 | Queue | Villager (Male) |
| 11:36 | Build | Stable |
| 11:39 | Queue | Villager (Male) |
| 11:41 | Queue | Villager (Male) |
| 11:43 | Build | House |
| 11:43 | Queue | Villager (Male) |
| 11:49 | Build | House |
| 11:49 | Queue | Villager (Male) |
| 11:59 | Queue | Villager (Male) |
| 12:01 | Queue | Villager (Male) |
| 12:14 | Queue | Scout Cavalry |
| 12:15 | Queue | Scout Cavalry |
| 12:15 | Queue | Scout Cavalry |
| 12:24 | Research | Double-Bit Axe |
| 12:28 | Queue | Villager (Male) |
| 12:35 | Queue | Villager (Male) |
| 12:42 | Queue | Scout Cavalry |
| 12:44 | Build | Farm |
| 12:45 | Build | Farm |
| 12:58 | Build | Farm |
| 13:16 | Research | Man-at-Arms (upgrade) |
| 13:18 | Queue | Villager (Male) |
| 13:19 | Build | Farm |
| 13:23 | Queue | Villager (Male) |
| 13:39 | Queue | Villager (Male) |
| 13:47 | Build | Blacksmith |
| 13:52 | Build | Farm |
| 13:53 | Build | Farm |
| 13:57 | Queue | Scout Cavalry |
| 14:02 | Build | Farm |
| 14:20 | Queue | Villager (Male) |
| 14:22 | Build | Farm |
| 14:27 | Queue | Scout Cavalry |
| 14:32 | Queue | Villager (Male) |
| 14:43 | Research | Scale Barding Armor |
| 14:48 | Queue | Villager (Male) |
| 14:52 | Build | Farm |
| 14:56 | Build | Farm |
| 15:11 | Queue | Villager (Male) |
| 15:19 | Build | Market |
| 15:19 | Queue | Villager (Male) |
| 15:20 | Queue | Villager (Male) |
| 15:23 | Build | House |
| 15:24 | Build | Palisade Wall |
| 15:38 | Queue | Villager (Male) |
| 15:46 | Build | Farm |
| 15:47 | Queue | Villager (Male) |
| 15:50 | Build | House |
| 15:51 | Build | Palisade Wall |
| 16:35 | Build | House |
| 16:55 | Research | Castle Age |
| 17:01 | Build | Palisade Wall |
| 17:02 | Build | Palisade Wall |
| 17:06 | Build | Palisade Wall |
| 17:41 | Research | Scale Barding Armor |
| 17:50 | Queue | Villager (Male) |
| 18:03 | Queue | Villager (Male) |
| 18:07 | Build | Palisade Wall |
| 18:09 | Build | Palisade Wall |
| 18:15 | Queue | Scout Cavalry |
| 18:15 | Queue | Scout Cavalry |
| 18:30 | Build | Lumber Camp |
| 18:50 | Queue | Villager (Male) |
| 18:52 | Build | Farm |
| 18:53 | Build | Farm |
| 18:54 | Research | Horse Collar |
| 18:57 | Build | Farm |
| 19:01 | Build | Farm |
| 19:11 | Queue | Villager (Male) |
| 19:13 | Build | Farm |
| 19:14 | Build | Farm |
| 19:26 | Queue | Villager (Male) |
| 19:34 | Queue | Villager (Male) |
| 19:35 | Age | Castle Age |
| 19:37 | Build | Palisade Gate |
| 19:41 | Research | Light Cavalry (upgrade) |
| 19:42 | Research | Light Cavalry (upgrade) |
| 19:48 | Queue | Villager (Male) |
| 19:53 | Build | Town Center |
| 19:55 | Queue | Villager (Male) |
| 20:06 | Queue | Villager (Male) |
| 20:08 | Research | Chain Barding Armor |
| 20:30 | Queue | Villager (Male) |
| 20:37 | Queue | Villager (Male) |
| 20:48 | Queue | Villager (Male) |
| 20:58 | Queue | Scout Cavalry |
| 21:05 | Queue | Villager (Male) |
| 21:06 | Build | Farm |
| 21:07 | Build | Farm |
| 21:07 | Build | Farm |
| 21:23 | Queue | Villager (Male) |
| 21:27 | Queue | Unit 1944 |
| 21:27 | Queue | Unit 1944 |
| 21:32 | Queue | Villager (Male) |
Build order — B3rserk
First 150 of 204 actions detected
| 0:00 | Queue | Villager (Male) |
| 0:02 | Build | House |
| 0:02 | Build | House |
| 0:07 | Queue | Villager (Male) |
| 0:07 | Queue | Villager (Male) |
| 0:22 | Queue | Villager (Male) |
| 1:27 | Queue | Villager (Male) |
| 1:50 | Queue | Villager (Male) |
| 2:06 | Build | Lumber Camp |
| 2:20 | Queue | Villager (Male) |
| 2:20 | Queue | Villager (Male) |
| 2:48 | Queue | Villager (Male) |
| 2:58 | Queue | Villager (Male) |
| 3:29 | Queue | Villager (Male) |
| 3:29 | Queue | Villager (Male) |
| 3:49 | Build | House |
| 4:01 | Queue | Villager (Male) |
| 4:01 | Queue | Villager (Male) |
| 4:06 | Build | House |
| 4:07 | Queue | Villager (Male) |
| 4:07 | Queue | Villager (Male) |
| 4:39 | Build | Mill |
| 4:44 | Build | House |
| 4:56 | Queue | Villager (Male) |
| 4:57 | Queue | Villager (Male) |
| 5:31 | Queue | Villager (Male) |
| 5:54 | Research | Loom |
| 6:29 | Build | Palisade Wall |
| 6:37 | Build | Palisade Wall |
| 6:53 | Research | Feudal Age |
| 7:18 | Build | Palisade Wall |
| 7:22 | Build | Palisade Wall |
| 7:46 | Build | Barracks |
| 8:03 | Build | Palisade Wall |
| 8:24 | Queue | Villager (Male) |
| 8:32 | Build | House |
| 9:03 | Age | Feudal Age |
| 9:05 | Build | Archery Range |
| 9:06 | Queue | Villager (Male) |
| 9:37 | Queue | Archer |
| 9:39 | Queue | Villager (Male) |
| 9:39 | Research | Double-Bit Axe |
| 9:47 | Build | House |
| 9:57 | Queue | Villager (Male) |
| 10:05 | Queue | Archer |
| 10:13 | Build | Farm |
| 10:20 | Build | House |
| 10:27 | Build | Palisade Wall |
| 10:33 | Queue | Villager (Male) |
| 10:44 | Queue | Villager (Male) |
| 10:54 | Research | Horse Collar |
| 11:15 | Queue | Skirmisher |
| 11:16 | Queue | Skirmisher |
| 11:31 | Queue | Villager (Male) |
| 11:33 | Build | Farm |
| 11:47 | Build | Blacksmith |
| 11:58 | Build | Farm |
| 12:00 | Queue | Skirmisher |
| 12:12 | Queue | Villager (Male) |
| 12:25 | Build | Farm |
| 12:27 | Build | Farm |
| 12:34 | Queue | Skirmisher |
| 12:46 | Build | Farm |
| 12:46 | Queue | Villager (Male) |
| 12:47 | Queue | Villager (Male) |
| 13:01 | Queue | Skirmisher |
| 13:02 | Queue | Villager (Male) |
| 13:08 | Research | Fletching |
| 13:12 | Build | House |
| 13:24 | Build | Farm |
| 13:29 | Queue | Archer |
| 13:38 | Queue | Villager (Male) |
| 13:40 | Build | Farm |
| 13:52 | Build | Farm |
| 13:53 | Queue | Villager (Male) |
| 13:59 | Build | House |
| 14:01 | Queue | Skirmisher |
| 14:07 | Queue | Villager (Male) |
| 14:19 | Queue | Villager (Male) |
| 14:28 | Queue | Skirmisher |
| 14:32 | Build | House |
| 14:37 | Build | Farm |
| 14:56 | Build | House |
| 14:58 | Build | Palisade Wall |
| 15:03 | Build | House |
| 15:05 | Build | House |
| 15:07 | Build | Palisade Wall |
| 15:13 | Queue | Villager (Male) |
| 15:30 | Build | Watch Tower |
| 15:31 | Queue | Villager (Male) |
| 15:54 | Build | Mining Camp |
| 15:56 | Build | Palisade Wall |
| 15:59 | Build | Palisade Wall |
| 16:01 | Build | Farm |
| 16:02 | Queue | Villager (Male) |
| 16:15 | Build | Farm |
| 16:32 | Build | Farm |
| 16:33 | Queue | Villager (Male) |
| 16:36 | Build | Palisade Wall |
| 16:44 | Build | Farm |
| 16:56 | Build | Farm |
| 17:00 | Build | Palisade Wall |
| 17:03 | Queue | Villager (Male) |
| 17:23 | Build | House |
| 17:32 | Build | Lumber Camp |
| 17:34 | Build | Farm |
| 17:47 | Queue | Villager (Male) |
| 18:01 | Queue | Archer |
| 18:02 | Queue | Archer |
| 18:06 | Queue | Villager (Male) |
| 18:23 | Build | Palisade Wall |
| 18:37 | Queue | Villager (Male) |
| 18:47 | Build | Mining Camp |
| 19:18 | Queue | Archer |
| 19:35 | Research | Castle Age |
| 19:36 | Research | Castle Age |
| 19:40 | Queue | Archer |
| 19:40 | Queue | Archer |
| 19:59 | Build | Palisade Wall |
| 20:00 | Build | Palisade Wall |
| 20:01 | Build | Palisade Wall |
| 20:14 | Build | House |
| 20:16 | Build | House |
| 20:20 | Build | Palisade Wall |
| 20:23 | Queue | Archer |
| 20:27 | Build | Palisade Wall |
| 20:38 | Queue | Archer |
| 21:01 | Queue | Villager (Male) |
| 21:29 | Queue | Spearman |
| 21:29 | Queue | Spearman |
| 21:43 | Build | House |
| 21:58 | Queue | Villager (Male) |
| 22:15 | Age | Castle Age |
| 22:18 | Queue | Spearman |
| 22:21 | Queue | Villager (Male) |
| 22:22 | Research | Stone Mining |
| 22:30 | Build | House |
| 22:32 | Build | House |
| 22:39 | Build | Palisade Wall |
| 23:04 | Queue | Villager (Male) |
| 23:04 | Queue | Villager (Male) |
| 23:24 | Queue | Villager (Male) |
| 23:30 | Build | Market |
| 23:41 | Build | House |
| 23:42 | Build | House |
| 23:43 | Queue | Villager (Male) |
| 24:18 | Queue | Spearman |
| 24:19 | Queue | Spearman |
| 24:19 | Queue | Spearman |
| 24:37 | Build | Castle |
Match timeline
| 4:51 | Shulk · first_building Barracks |
| 6:29 | B3rserk · wall_segment Palisade Wall x3 |
| 6:37 | B3rserk · wall_segment Palisade Wall x4 |
| 7:18 | B3rserk · wall_segment Palisade Wall x5 |
| 7:22 | B3rserk · wall_segment Palisade Wall x6 |
| 7:46 | B3rserk · first_building Barracks |
| 8:03 | B3rserk · wall_segment Palisade Wall x1 |
| 9:03 | B3rserk · age_up feudal |
| 9:05 | B3rserk · first_building Archery Range |
| 10:27 | B3rserk · wall_segment Palisade Wall x8 |
| 11:04 | Shulk · wall_segment Palisade Wall x10 |
| 11:21 | Shulk · age_up feudal |
| 11:36 | Shulk · first_building Stable |
| 14:58 | B3rserk · wall_segment Palisade Wall x1 |
| 15:07 | B3rserk · wall_segment Palisade Wall x1 |
| 15:24 | Shulk · wall_segment Palisade Wall x1 |
| 15:51 | Shulk · wall_segment Palisade Wall x1 |
| 15:56 | B3rserk · wall_segment Palisade Wall x8 |
| 15:59 | B3rserk · wall_segment Palisade Wall x12 |
| 16:28 | Shulk · first_market_sell 100 wood |
| 16:29 | Shulk · first_market_buy 100 food |
| 16:36 | B3rserk · wall_segment Palisade Wall x1 |
| 17:00 | B3rserk · wall_segment Palisade Wall x1 |
| 17:01 | Shulk · wall_segment Palisade Wall x11 |
| 17:02 | Shulk · wall_segment Palisade Wall x2 |
| 17:06 | Shulk · wall_segment Palisade Wall x14 |
| 18:07 | Shulk · wall_segment Palisade Wall x5 |
| 18:09 | Shulk · wall_segment Palisade Wall x6 |
| 18:23 | B3rserk · wall_segment Palisade Wall x1 |
| 19:35 | Shulk · age_up castle |
| 19:59 | B3rserk · wall_segment Palisade Wall x1 |
| 20:00 | B3rserk · wall_segment Palisade Wall x1 |
| 20:01 | B3rserk · wall_segment Palisade Wall x1 |
| 20:20 | B3rserk · wall_segment Palisade Wall x1 |
| 20:27 | B3rserk · wall_segment Palisade Wall x6 |
| 22:14 | Shulk · first_building Siege Workshop |
| 22:15 | B3rserk · age_up castle |
| 22:27 | Shulk · first_building Monastery |
| 22:39 | B3rserk · wall_segment Palisade Wall x1 |
| 24:27 | B3rserk · first_market_buy 100 stone |
| 24:37 | B3rserk · first_building Castle |
| 24:54 | B3rserk · wall_segment Palisade Wall x1 |
| 24:55 | B3rserk · wall_segment Palisade Wall x1 |
| 25:36 | Shulk · first_building Archery Range |
| 25:57 | B3rserk · first_building Stable |
| 29:56 | B3rserk · first_building Siege Workshop |
| 31:36 | B3rserk · resign |
[ AI ANALYSIS · 1 CREDIT ]
What really happened in this match?
Wolo.gg analyzes every decision: build order, eco, micro, common mistakes by bracket. Personalized analysis on WhatsApp or Discord in 30 seconds.
Civ guide
Shu
Perfil
Jugador #289473